Map: Torri del crepuscolo

Players

Nasca

  • Race: Zerg Zerg
  • League: Gold

Jhyrachy - Winner!

  • Race: Zerg Zerg
  • League: Silver

VOD

Have the link to the VOD?

Description

Time

  • Played on: Dec. 20, 2015, 7:28 a.m.
  • Length: 4:31
Show
View Real Time Build Order
Export as new Build Order

Nasca Zerg 

Build Orders: Pool First 

Get SALT Encoding   

  12  0:01  Drone  
  13  0:10  Drone  
  14  0:20  Extractor, Drone  
  15  0:34  Spawning Pool  
  14  0:36  Extractor  
  14  0:37  Drone  
  14  0:44  Overlord  
  15  1:04  Drone x3  
  17  1:15  Drone  
  18  1:20  Queen  
  20  1:26  Overlord  
  20  1:35  Baneling Nest  
  20  1:37  Zergling x2  
  20  1:48  Zergling x2  
  20  1:53  Extractor  
  20  2:00  Metabolic Boost  
  20  2:02  Drone  
  21  2:10  Zergling x2  
  22  2:20  Drone  
  23  2:26  Baneling x2  
  23  2:29  Baneling x2  
  23  2:31  Zergling x4  
  23  2:32  Zergling x2  
  26  2:38  Drone  
  26  2:44  Overlord  
  27  2:54  Drone  
  25  3:16  Baneling x2  
  25  3:17  Baneling  
  25  3:23  Drone x2  
  25  3:36  Hatchery  
  24  3:41  Roach Warren  
  24  3:46  Zergling x6  
Show
View Real Time Build Order
Export as new Build Order

Jhyrachy Zerg - Winner!

Build Orders: Hatch First 

Get SALT Encoding   

  12  0:01  Drone  
  13  0:08  Drone  
  14  0:17  Overlord  
  14  0:36  Drone x2  
  14  0:37  Drone  
  14  0:42  Extractor  
  16  0:48  Drone  
  17  1:03  Hatchery  
  16  1:15  Spawning Pool  
  16  1:17  Drone  
  16  1:23  Drone  
  17  1:25  Drone  
  18  1:34  Overlord  
  18  2:05  Metabolic Boost  
  18  2:13  Queen  
  20  2:17  Queen  
  20  2:21  Zergling x2  
  20  2:22  Zergling x6  
  26  2:36  Zergling x2  
  28  2:37  Zergling x4  
  29  3:00  Zergling x6  
  29  3:01  Zergling x2  
  26  3:36  Zergling x2  
  26  3:37  Zergling x18  
  35  4:04  Zergling x2  
  35  4:09  Overlord x3  
Tags
 
Add a new tag
Caveats
  • Supply blocks, unpowered buildings, or Contaminate may cause inaccurate times.
  • Supply counts are checked every 10 seconds.